 Dungeon Crawl Stone Soup version 0.30-a0-12-gd8047c6341 (webtiles) character file.

Game seed: 11563292481679994117

6664 Newt the Covert (level 10, -9/71 HPs)
             Began as a Demonspawn Gladiator on Aug 23, 2022.
             Was a Believer of Dithmenos.
             Killed by divine providence
             ... invoked by an orc priest
              (15 damage)
             ... on level 10 of the Dungeon.
             The game lasted 00:14:40 (9670 turns).

Newt the Covert (Demonspawn Gladiator)              Turns: 9670, Time: 00:14:41

Health: -9/71      AC: 11    Str: 17    XL:     10   Next: 73%
Magic:  0/26       EV: 13    Int: 14    God:    Dithmenos [**....]
Gold:   639        SH:  9    Dex: 16    Spells: 16/19 levels left

rFire   . . .      SeeInvis .    g - +12 dagger of Taitoez {flame, rPois rC+}
rCold   + . .      Faith    .    (no shield)
rNeg    . . .      Spirit   +    b - +0 leather armour
rPois   +          Reflect  +    c - +1 helmet
rElec   .          Harm     .    J - +1 cloak {Stlth+}
rCorr   .          Rampage  .    (no gloves)
Will    .....                    (no boots)
Stlth   +++++++...               u - amulet of reflection
HPRegen 0.21/turn                n - +4 ring of protection
MPRegen 0.40/turn                t - ring of magical power

@: wreathed by umbra
A: magic shield, magic regeneration, big brain 2, condensation shield
a: Renounce Religion, Shadow Step


You were on level 10 of the Dungeon.
You worshipped Dithmenos.
Dithmenos was pleased with you.
You visited 2 branches of the dungeon, and saw 11 of its levels.

You collected 639 gold pieces.

Inventory:

Hand Weapons
 a - a +1 rapier
 g - the +12 dagger of Taitoez (weapon) {flame, rPois rC+}
   (You found it on level 2 of the Dungeon)

   It burns those it strikes, dealing additional fire damage.
   rC:        It protects you from cold.
   rPois:     It protects you from poison.
 i - a +2 dagger of flaming
 p - a +4 short sword of protection
 r - a +2 dagger of venom
 E - a +0 falchion of pain
 K - a +4 short sword of venom
Missiles
 d - a throwing net (quivered)
 e - a javelin
 j - 33 poisoned darts
 N - 6 boomerangs
Armour
 b - a +0 leather armour (worn)
 c - a +1 helmet (worn)
 G - a +0 cloak
 J - a +1 cloak of stealth (worn)
Jewellery
 n - a +4 ring of protection (left hand)
 t - a ring of magical power (right hand)
 u - an amulet of reflection (around neck)
Wands
 o - a wand of paralysis (40)
 s - a wand of quicksilver (15)
 w - a wand of flame (46)
 L - a wand of digging (9)
Scrolls
 f - 3 scrolls of enchant armour
 h - 3 scrolls of teleportation
 v - 4 scrolls of poison
 y - a scroll of fear
 A - a scroll of amnesia
 C - a scroll of fog
 D - a scroll of enchant weapon
 F - a scroll of magic mapping
 I - a scroll of blinking {unknown}
Potions
 l - 3 potions of lignification
 m - a potion of mutation
 q - 2 potions of flight
 x - 3 potions of berserk rage
 z - a potion of might
 B - a potion of cancellation
 H - a potion of brilliance
 M - 2 potions of attraction {unknown}


   Skills:
 - Level 4.0 Fighting
 + Level 6.9 Short Blades
 - Level 4.0 Throwing
 - Level 4.0 Dodging
 - Level 10.0 Stealth
 - Level 5.0 Spellcasting
 - Level 5.0 Hexes
 - Level 5.0 Evocations


You had 16 spell levels left.
You knew the following spells:

 Your Spells              Type           Power      Damage    Failure   Level
a - Confusing Touch       Hex            17%        N/A       9%          3

Your spell library contained the following spells:

 Spells                   Type           Power      Damage    Failure   Level
 Beastly Appendage        Tmut           6%         N/A       22%         1
 Wereblood                Tmut           3%         N/A       32%         2
 Spider Form              Tmut/Pois      3%         N/A       54%         3
 Yara's Violent Unravell  Hex/Tmut       5%         3d4       91%         5
 Enfeeble                 Hex            8%         N/A       100%        7


Dungeon Overview and Level Annotations

Branches:
Dungeon (10/15)            Temple (1/1) D:7            Lair (0/5) D:8
    Orc: D:9-12

Altars:
Ashenzari
Cheibriados
Dithmenos
Hepliaklqana
Makhleb
Nemelex Xobeh
Okawaru
Qazlal
Ru
Sif Muna
Trog
Uskayaw
Vehumet
Yredelemnul

Annotations:
D:5 2 runed translucent doors, nickcage's ghost, novice MiGl
D:10 3 runed translucent doors, Erica; hikkokomori's ghost, journeyman MeEE


Innate Abilities, Weirdness & Mutations

When hurt, damage is shared between your health and your magic reserves.
You regenerate magic rapidly.
You have an extremely huge brain. (Int +4)
A meltable shield of frost defends you. (SH +4)


Message History

Casting: Confusing Touch (dangerous; 9% risk of failure)
Confirm with . or Enter, or press ? or * to list all spells.
You don't know that spell.
Okay, then.
Casting: Confusing Touch (dangerous; 9% risk of failure)
Confirm with . or Enter, or press ? or * to list all spells.
Your hands begin to glow red.
The killer bee stings you but does no damage.
The killer bee barely misses you. The killer bee stings you!
* * * LOW HITPOINT WARNING * * *
The killer bee closely misses you.
You hit the komodo dragon but do no damage.
The komodo dragon appears confused.
The killer bee stings you but does no damage.
You block the killer bee's attack. The komodo dragon closely misses you.
Unknown command.
The killer bee closely misses you. The killer bee misses you.
The killer bee attacks as you move away!
The killer bee closely misses you.
The killer bee stings you but does no damage.
You block the killer bee's attack. The killer bee barely misses you.
The killer bee attacks as you move away!
You block the killer bee's attack.
The killer bee stings you but does no damage.
You block the killer bee's attack. Something hits you but does no damage.
The killer bee attacks as you move away!
The killer bee barely misses you.
The killer bee attacks as you move away!
The killer bee stings you.
* * * LOW HITPOINT WARNING * * *
The killer bee barely misses you. The killer bee misses you.
You feel better. The killer bee stings you.
* * * LOW HITPOINT WARNING * * *
The killer bee stings you!
* * * LOW HITPOINT WARNING * * *
Something hits you.
The orc priest calls down the wrath of Beogh upon you.
Beogh smites you!
You die...

##### ### #...#####
#...#...#...#####
##...#.y.....#...#
#.....@y..l......#
#................#
#......o..†......#
#...............###
#...............#
#...............#
####.....o......#
##......o....#
#..........)#


You could see a komodo dragon (confused), 2 killer bees, an orc priest and 2
orcs.

Vanquished Creatures
  Maurice (D:10)
  5 gargoyles (D:8)
  Maggie (D:7)
  An unseen horror (D:10)
  A hornet (D:7)
  Sigmund (D:2)
  A shadow (D:9)
  2 wyverns
  Grum (D:10)
  Menkaure (D:4)
  Duvessa (D:4)
  2 orc warriors
  3 ice beasts
  2 black bears
  4 ogres
  2 wolves (D:10)
  2 bullfrogs
  3 kobold brigands (D:9)
  2 scorpions
  A necrophage (D:7)
  5 wights (D:8)
  Dowan (D:4)
  5 killer bees
  A howler monkey (D:9)
  A crimson imp (D:5)
  A jelly (D:7)
  2 hounds (D:6)
  7 orc priests
  2 iguanas
  7 orc wizards
  7 gnolls
  9 adders
  2 shadow imps
  A white imp (D:6)
  An ufetubus (D:7)
  2 worms (D:2)
  8 dart slugs
  36 orcs
  4 ball pythons
  5 bats
  5 endoplasms
  2 giant cockroaches
  4 hobgoblins
  3 jackals (D:4)
  25 kobolds
  A quokka (D:3)
  4 frilled lizards
  3 goblins
  7 rats
198 creatures vanquished.

Vanquished Creatures (collateral kills)
  A wyvern (D:9)
1 creature vanquished.

Vanquished Creatures (others)
  A plant (D:10)
1 creature vanquished.

Grand Total: 200 creatures vanquished

Notes
Turn   | Place    | Note
-------+----------+-------------------------------------------
     0 | D:1      | Newt the Demonspawn Gladiator began the quest for the Orb.
     0 | D:1      | Reached XP level 1. HP: 16/16 MP: 1/1
   188 | D:1      | Reached skill level 1 in Stealth
   675 | D:1      | Gained mutation: You have an unusually large brain. (Int
                  | +2) [demonic ancestry]
   675 | D:1      | Reached XP level 2. HP: 22/22 MP: 2/2
   837 | D:1      | Reached skill level 2 in Stealth
  1199 | D:1      | Gained mutation: You regenerate magic rapidly. [demonic
                  | ancestry]
  1199 | D:1      | Reached XP level 3. HP: 13/28 MP: 3/3
  1763 | D:2      | Identified the +12 dagger of Taitoez {flame, rPois rC+}
  1832 | D:2      | Reached XP level 4. HP: 37/37 MP: 4/4
  2169 | D:2      | Noticed Sigmund
  2190 | D:2      | Killed Sigmund
  2191 | D:2      | Reached XP level 5. HP: 18/42 MP: 5/5
  2487 | D:3      | Gained mutation: When hurt, damage is shared between your
                  | health and your magic reserves. [demonic ancestry]
  2487 | D:3      | Reached XP level 6. HP: 48/48 MP: 6/6
  2509 | D:3      | Found a faded altar of an unknown god.
  2536 | D:3      | Reached skill level 5 in Short Blades
  2839 | D:3      | Identified the +5 hand axe of the Eternal Warrior {drain,
                  | Dex+2}
  2861 | D:3      | Found Foprucon's General Store.
  3060 | D:4      | Noticed Duvessa
  3070 | D:4      | Killed Duvessa
  3071 | D:4      | Reached XP level 7. HP: 54/54 MP: 7/7
  3073 | D:4      | Noticed Dowan
  3079 | D:4      | Killed Dowan
  3264 | D:4      | Noticed Menkaure
  3270 | D:4      | Killed Menkaure
  3564 | D:4      | Found a sand-covered staircase.
  4011 | D:5      | Entered Level 5 of the Dungeon
  4182 | D:5      | Reached skill level 3 in Stealth
  4182 | D:5      | Gained mutation: You have an extremely huge brain. (Int +4)
                  | [demonic ancestry]
  4182 | D:5      | Reached XP level 8. HP: 60/60 MP: 8/8
  4455 | D:5      | Reached skill level 4 in Stealth
  4551 | D:5      | Found a burning altar of Makhleb.
  4760 | D:5      | Found a large runed translucent door.
  4760 | D:5      | Found a large runed translucent door.
  4762 | D:5      | Noticed nickcage's ghost (novice MiGl)
  4993 | D:6      | Reached skill level 5 in Stealth
  5272 | D:6      | Reached skill level 6 in Stealth
  5272 | D:6      | Reached skill level 1 in Evocations
  5861 | D:7      | Noticed a hornet
  5871 | D:7      | Killed a hornet
  5872 | D:7      | Gained mutation: A meltable shield of frost defends you.
                  | (SH +4) [demonic ancestry]
  5872 | D:7      | Reached XP level 9. HP: 65/65 MP: 9/9
  5902 | D:7      | Reached skill level 5 in Evocations
  5902 | D:7      | Reached skill level 1 in Hexes
  6184 | D:7      | Noticed Maggie
  6201 | D:7      | Killed Maggie
  6335 | D:7      | Found a staircase to the Ecumenical Temple.
  6537 | Temple   | Entered the Ecumenical Temple
  6549 | Temple   | Became a worshipper of Dithmenos the Shadowed
  6624 | D:8      | Reached skill level 5 in Hexes
  6624 | D:8      | Reached skill level 1 in Spellcasting
  6628 | D:8      | Learned a level 3 spell: Confusing Touch
  6724 | D:8      | Found a radiant altar of Vehumet.
  6990 | D:8      | Found a staircase to the Lair.
  6991 | D:8      | Noticed a komodo dragon
  7211 | D:8      | Noticed a gargoyle
  7213 | D:8      | Killed a gargoyle
  7223 | D:8      | Noticed a gargoyle
  7225 | D:8      | Killed a gargoyle
  7248 | D:8      | Noticed a gargoyle
  7250 | D:8      | Killed a gargoyle
  7251 | D:8      | Reached skill level 5 in Spellcasting
  7255 | D:8      | Noticed a gargoyle
  7257 | D:8      | Killed a gargoyle
  7258 | D:8      | Reached XP level 10. HP: 71/71 MP: 17/17
  7261 | D:8      | Noticed a gargoyle
  7263 | D:8      | Killed a gargoyle
  7264 | D:8      | Reached skill level 7 in Stealth
  7387 | D:8      | Reached * piety under Dithmenos
  7402 | D:8      | Reached skill level 8 in Stealth
  8524 | D:9      | Reached ** piety under Dithmenos
  8646 | D:9      | Reached skill level 9 in Stealth
  8963 | D:10     | Entered Level 10 of the Dungeon
  8963 | D:10     | Noticed Maurice
  8963 | D:10     | Noticed Grum
  8967 | D:10     | Killed Maurice
  8974 | D:10     | Killed Grum
  9483 | D:10     | Found a runed translucent gate.
  9483 | D:10     | Found a runed translucent gate.
  9483 | D:10     | Found a runed translucent gate.
  9495 | D:10     | Reached skill level 10 in Stealth
  9562 | D:10     | Noticed a nine-headed hydra
  9562 | D:10     | Noticed hikkokomori's ghost (journeyman MeEE)
  9623 | D:10     | Noticed Erica
  9670 | D:10     | Killed from afar by an orc priest

Illustrated notes

Levels and vault maps discovered:
D:1:      minmay_arrival_checkered_box, layout_loops_cross
D:2:      layout_rooms, minmay_octomino_e4, uniq_sigmund
D:3:      layout_rooms, hellmonk_ecumenical_altar_leap_of_faith, serial_shops,
          nicolae_shop_advertising_works [nicolae_subvault_shop_adworks]
D:4:      layout_loops_ring, chequers_ossuary_entry_cave, minmay_hedge_maze,
          uniq_duvessa, uniq_menkaure
D:5:      layout_basic, makhleb_grotto_becter, ebering_ghost_disaster_area
D:6:      layout_basic
D:7:      layout_basic, uniq_maggie
D:8:      cheibrodos_statue_roulette, layout_layer_cave, amcnicky_altar_gilded,
          david_lair_shrubbed
D:9:      layout_basic, corexii_checkpoint_b, hive_lemuel
D:10:     layout_cross, gammafunk_ghost_hydra_chop, corner_web_ring,
          uniq_maurice, uniq_erica, uniq_grum
Temple:   nicolae_temple_bog_church

Skill      XL: |  1  2  3  4  5  6  7  8  9 10 |
---------------+-------------------------------+-----
Stealth        | 1 2 3 6 10 | 10.0
Fighting       | 3 4 |  4.0
Short Blades   | 4 6 |  6.9
Dodging        | 3 4 |  4.0
Throwing       | 4 |  4.0
Evocations     | 4 5 |  5.0
Hexes          | 5 |  5.0
Spellcasting   | 5 |  5.0

Action                   |  1- 3 |  4- 6 |  7- 9 | 10-12 || total
-------------------------+-------+-------+-------+-------++-------
Melee: Rapier            |    65 |       |       |       ||    65
       Dagger            |    19 |    74 |   171 |   176 ||   440
       Punch             |     1 |       |     3 |     4 ||     8
Throw: Throwing net      |     3 |     5 |       |       ||     8
 Cast: Confusing Touch   |       |       |       |     2 ||     2
Evoke: Wand              |       |       |     2 |     1 ||     3
  Use: Scroll            |     3 |     6 |     8 |     3 ||    20
       Potion            |       |     3 |       |     3 ||     6
 Stab: Sleeping          |       |     2 |    16 |    10 ||    28
       Held in net/web   |       |     1 |       |       ||     1
       Paralysed         |       |       |     1 |       ||     1
Armor: Leather armour    |    31 |    19 |    46 |    68 ||   164
Dodge: Dodged            |    56 |    24 |    67 |    84 ||   231
Block: Other             |       |       |    13 |    78 ||    91
       Reflection        |       |       |       |     2 ||     2

Table legend: (Time is in decaauts)
 A = Elapsed time spent in this place.
 B = Non-inter-level travel time spent in this place.
 C = Inter-level travel time spent in this place.
 D = Time resting spent in this place.
 E = Time spent auto-exploring this place.
 F = Levels seen in this place.
 G = Mean time per level.
                   A        B        C        D        E       F      G
               +--------+--------+--------+--------+--------+-----+--------+
         Total |   9545 |   9187 |    358 |   1685 |   6163 |  11 |  867.7 |
       Dungeon |   9520 |   9175 |    345 |   1685 |   6159 |  10 |  952.0 |
        Temple |     24 |     12 |     12 |      0 |      4 |   1 |   24.0 |
               +--------+--------+--------+--------+--------+-----+--------+

Top non-repeatable levels by time:
     D:8: 1561 daAuts
     D:1: 1484 daAuts
     D:9: 1194 daAuts
     D:7: 1073 daAuts
     D:4: 987 daAuts
     D:2: 935 daAuts
     D:5: 766 daAuts
     D:6: 694 daAuts
     D:3: 579 daAuts
    D:10: 243 daAuts
  Temple: 24 daAuts
